 Dungeon Crawl Stone Soup version 0.28.0 (webtiles) character file.

Game seed: 13564922204873981411

189882 Hasart the Carver (level 17, 0/144 HPs)
             Began as a Demigod Fighter on Feb 14, 2022.
             Slain by a moth of wrath (13 damage)
             ... on level 4 of the Spider Nest.
             The game lasted 02:13:43 (41743 turns).

Hasart the Carver (Demigod Fighter)                Turns: 41743, Time: 02:13:45

Health: 0/144      AC: 22    Str: 29    XL:     17   Next: 34%
Magic:  32/32      EV:  6    Int: 17    God:
Gold:   478        SH:  0    Dex: 15    Spells: 5/30 levels left

rFire   + . .      SeeInvis +   r - +3 double sword (flame)
rCold   . . .      Faith    +   h - +2 tower shield
rNeg    + . .      Spirit   .   j - +1 scale mail {rPois}
rPois   +          Reflect  .   P - +2 helmet
rElec   +          Harm     .   K - +1 cloak of Limited Liability {Slay+2}
rCorr   .          Rampage  .   y - +2 pair of gloves
Will    +....                   Z - +2 pair of boots
Stlth   ..........              V - amulet of Tiskig {Faith rElec rN+ Int+2 Dex+2}
HPRegen 0.34/turn               N - ring "Jenof" {rF+ Int-3 Slay+4}
MPRegen 0.23/turn               M - ring of see invisible

@: marked, held, slowed, very slow
A: high MP 1, forlorn, divine attributes
a: no special abilities


You were on level 4 of the Spider Nest.
You visited 5 branches of the dungeon, and saw 31 of its levels.
You also visited: Gauntlet, Ice Cave and Volcano.

You collected 2796 gold pieces.
You spent 2318 gold pieces at shops.

Inventory:

Hand Weapons
 a - a +1 spectral long sword
 r - a +3 double sword of flaming (weapon)
Missiles
 i - 31 poisoned darts (quivered)
 l - 10 boomerangs
 q - 4 silver javelins
 A - 12 javelins
 C - 3 throwing nets
Armour
 h - a +2 tower shield (worn)
 j - a +1 scale mail of poison resistance (worn)
 y - a +2 pair of gloves (worn)
 B - the +0 chain mail "Xociser" {rElec Int+3}
   (You bought it in a shop on level 2 of the Orcish Mines)

   Int:       It affects your intelligence (+3).
   rElec:     It insulates you from electricity.
 K - the +1 cloak of Limited Liability (worn) {Slay+2}
   (You found it in a Gauntlet)

   Slay:      It affects your accuracy & damage with ranged weapons and melee
   (+2).
 P - a +2 helmet (worn)
 X - a +2 plate armour of cold resistance
 Z - a +2 pair of boots (worn)
Jewellery
 e - a ring of flight
 f - a ring of resist corrosion
 t - a ring of poison resistance
 H - the ring "Xiasim" {AC+4 Str+5}
   (You found it in a Gauntlet)

   [ring of protection]

   AC:        It affects your AC (+4).
   Str:       It affects your strength (+5).
 I - an amulet of regeneration
 L - a ring of positive energy
 M - a ring of see invisible (right hand)
 N - the ring "Jenof" (left hand) {rF+ Int-3 Slay+4}
   (You bought it in a shop on level 3 of the Dungeon)

   [ring of protection from fire]

   Int:       It affects your intelligence (-3).
   Slay:      It affects your accuracy & damage with ranged weapons and melee
   (+4).
   rF:        It protects you from fire.
 O - a ring of protection from cold
 V - the amulet of Tiskig (around neck) {Faith rElec rN+ Int+2 Dex+2}
   (You found it on level 2 of the Shoals)

   [amulet of faith]

   It allows you to gain divine favour quickly.
   Int:       It affects your intelligence (+2).
   Dex:       It affects your dexterity (+2).
   rElec:     It insulates you from electricity.
   rN:        It protects you from negative energy.
Wands
 n - a wand of flame (41)
 x - a wand of iceblast (17)
 F - a wand of charming (20)
 W - a wand of paralysis (4)
 Y - a wand of digging (2)
Scrolls
 k - 9 scrolls of teleportation
 m - a scroll of fear
 o - 2 scrolls of holy word
 u - 5 scrolls of fog
 z - a scroll of brand weapon
 J - 4 scrolls of blinking
 Q - a scroll of amnesia
 R - 4 scrolls of magic mapping
 U - a scroll of enchant armour
Potions
 b - 5 potions of flight
 d - 2 potions of might
 g - 5 potions of haste
 p - 2 potions of magic
 s - a potion of berserk rage
 v - 6 potions of mutation
 D - 13 potions of curing
 G - 4 potions of ambrosia
 S - 3 potions of heal wounds
 T - 3 potions of cancellation
Miscellaneous
 c - a box of beasts (inert)
 w - a condenser vane (inert)


   Skills:
 + Level 11.0 Fighting
 * Level 14.9 Long Blades
 - Level 10.0 Throwing
 - Level 10.0 Armour
 - Level 10.0 Dodging
 + Level 11.0 Shields
 + Level 7.2 Spellcasting
 + Level 5.0 Necromancy
 + Level 7.4 Translocations
 + Level 5.1 Transmutations
 + Level 2.1 Air Magic
 + Level 8.7 Evocations


You had 5 spell levels left.
You knew the following spells:

 Your Spells              Type           Power      Damage    Failure   Level
a - Blink                 Tloc           62%        N/A       9%          2
b - Necromutation         Tmut/Necr      11%        N/A       100%        8
c - Manifold Assault      Tloc           31%        N/A       83%         5
d - Lesser Beckoning      Tloc           31%        N/A       16%         3
e - Swiftness             Air            13%        N/A       80%         3
f - Passage of Golubria   Tloc           31%        N/A       47%         4

Your spell library contained the following spells:

 Spells                   Type           Power      Damage    Failure   Level
 Pain                     Necr           92%        1d8       16%         1
 Passwall                 Tmut/Erth      11%        N/A       52%         2
 Foxfire                  Conj/Fire      24%        2x1d5     75%         1
 Sandblast                Erth           12%        2d6       75%         1
 Ensorcelled Hibernation  Hex/Ice        12%        N/A       87%         2
 Iskenderun's Mystic Bla  Conj/Tloc      18%        2d6       94%         4
 Dazzling Flash           Conj/Hex       12%        N/A       98%         3
 Ozocubu's Armour         Ice            6%         N/A       98%         3
 Stone Arrow              Conj/Erth      12%        3d7       98%         3
 Blade Hands              Tmut           11%        N/A       98%         5
 Animate Armour           Summ/Erth      12%        N/A       100%        4
 Hailstorm                Conj/Ice       6%         3d4       100%        4
 Sticky Flame             Conj/Fire      6%         2d3       100%        4
 Summon Lightning Spire   Summ/Air       9%         N/A       100%        4
 Borgnjor's Vile Clutch   Necr/Erth      7%         N/A       100%        5
 Metabolic Englaciation   Hex/Ice        3%         N/A       100%        5
 Silence                  Hex/Air        4%         N/A       100%        5
 Iron Shot                Conj/Erth      3%         9d2       100%        6
 Simulacrum               Ice/Necr       7%         N/A       100%        6
 Starburst                Conj/Fire      3%         6d3       100%        6
 Storm Form               Tmut/Air       9%         N/A       100%        7
 Borgnjor's Revivificati  Necr           11%        N/A       100%        8
 Lehudib's Crystal Spear  Conj/Erth      3%         10d2      100%        8
 Maxwell's Capacitive Co  Air            6%         ∞         100%        8


Dungeon Overview and Level Annotations

Branches:
Dungeon (15/15)            Temple (0/1) D:5            Lair (6/6) D:9
 Shoals (4/4) Lair:4       Spider (4/4) Lair:4        Slime (0/5) Lair:5
    Orc (2/2) D:9             Elf (0/3) Orc:2        Vaults (0/5) D:13
 Depths (0/4) D:15          IceCv (visited)         Volcano (visited)
Gauntlet (visited)

Shops:
D:2 *:[   D:3 =   D:6 :   D:9 *   D:12 *   Orc:2 *[:?   Shoals:2 :
Shoals:3 *:

Annotations:
D:3 Grinder
D:15 6 transporters
Lair:2 2 transporters
Orc:1 3 runed translucent doors, blexxed's ghost, journeyman DsFi


Innate Abilities, Weirdness & Mutations

You have an increased reservoir of magic. (+10% MP)
You shall have no god before yourself.
Your divine heritage dramatically boosts your attributes as you level up.


Message History

The jumping spider is engulfed in poison gas.
The jumping spider is poisoned.
The jumping spider completely misses you.
The jumping spider bites you but does no damage.
The death scarab bites you but does no damage.
The jumping spider is engulfed in poison gas.
The jumping spider looks even sicker.
The jumping spider pounces on you!
* * * LOW HITPOINT WARNING * * *
The jumping spider bites you.
* * * LOW HITPOINT WARNING * * *
The moth of wrath is engulfed in poison gas.
The moth of wrath is poisoned.
The moth of wrath bites you but does no damage.
The jumping spider is engulfed in poison gas.
The jumping spider looks even sicker.
The jumping spider pounces on you but does no damage.
The jumping spider bites you but does no damage.
The death scarab bites you.
* * * LOW HITPOINT WARNING * * *
The death scarab drains your vigour!
You feel as though you will be slow longer.
You feel much better.
The death scarab bites you but does no damage.
The death scarab closely misses you.
The jumping spider looks as sick as possible!
The jumping spider pounces on you but does no damage.
The jumping spider bites you but does no damage.
The death scarab bites you!
* * * LOW HITPOINT WARNING * * *
The death scarab drains your vigour!
You feel as though you will be slow longer.
The death scarab draws strength from your injuries!
The jumping spider is engulfed in poison gas.
The jumping spider looks as sick as possible!
The jumping spider pounces on you but does no damage.
The jumping spider bites you.
* * * LOW HITPOINT WARNING * * *
The moth of wrath is engulfed in poison gas.
The moth of wrath looks even sicker.
The moth of wrath bites you!
You die...

##.....# #[.###..###
#.....## ##^...#..###
####.^.###.[[.######.
##...^.[..^###....
#........##.#^...
###..########......
##.#..####..........
#..§§§##.##.......^.
#.§@y§#......###....
##§Bs§##.....# #####
#.§§§§.......#
#########...##
#..^.°..# #^......#
##^^..#.# #
###.B###.# #.°.....#


You could see a moth of wrath (very poisoned), a jumping spider (berserk,
extremely poisoned) and a death scarab.

Vanquished Creatures
  Jorgrun (D:14)
  Gastronok (D:8)
  Kirke (D:14)
  2 ghost moths
  3 emperor scorpions
  Louise (Spider:1)
  A broodmother (Spider:3)
  3 dire elephants
  A bunyip (shapeshifter) (Gauntlet)
  4 entropy weavers
  A minotaur (Gauntlet)
  4 spark wasps
  A merfolk impaler (Shoals:1)
  A merfolk javelineer (Shoals:3)
  Snorg (D:12)
  Josephine (Spider:1)
  2 boulder beetles (Spider:3)
  7 hydras
  2 jorogumos
  8 vault guards (D:13)
  2 merfolk aquamancers
  A rakshasa (D:15)
  4 centaur warriors
  A merfolk avatar (Shoals:2)
  A catoblepas (D:14)
  A radroach (Spider:3)
  2 ogre magi (Orc:2)
  Erica (Lair:2)
  2 ice dragons (D:15)
  4 dancing weapons (D:13)
  A satyr (Shoals:2)
  3 alligator snapping turtles
  A death knight (D:15)
  16 death yaks
  9 two-headed ogres
  An orc high priest (Orc:1)
  A spectral death yak (Lair:6)
  A sea snake (Shoals:2)
  A fire crab (Lair:6)
  2 pharaoh ants
  2 sun moths
  A spectral anaconda (Lair:6)
  6 steelbarb worms
  12 orb spiders
  2 deep trolls (Orc:2)
  A wizard (Volcano)
  2 orc knights
  Pikel (D:8)
  4 lindwurms (Lair:6)
  An obsidian statue (Lair:6)
  2 deep elf pyromancers
  An orc sorcerer (Orc:1)
  15 wolf spiders
  3 harpies (Shoals:1)
  4 necromancers
  12 cyclopes
  10 manticores
  3 salamanders (Volcano)
  A moth of wrath (shapeshifter) (Gauntlet)
  11 ugly things
  6 fauns
  A moth of wrath (Spider:3)
  4 elephants (Lair:6)
  5 black mambas
  5 molten gargoyles (Volcano)
  3 merfolk sirens
  A water nymph (Shoals:1)
  An ice statue (IceCv)
  2 dire elephant zombies (Lair:6)
  Joseph (D:9)
  7 torpor snails
  7 rime drakes
  3 gargoyles (Volcano)
  11 cane toads
  5 yaktaurs (D:15)
  A dire elephant skeleton (Lair:6)
  6 demonic crawlers
  An unseen horror (shapeshifter) (D:15)
  An efreet (Volcano)
  2 freezing wraiths (IceCv)
  9 komodo dragons
  Psyche (D:8)
  2 kobold demonologists
  2 anaconda simulacra (IceCv)
  13 ice devils (IceCv)
  2 entropy weaver simulacra (IceCv)
  2 polar bears (Lair:5)
  2 tengu conjurers (D:14)
  21 meliai
  2 wind drakes
  16 merfolk
  10 trolls
  A hornet (D:8)
  20 tarantellas
  15 dream sheep
  6 snapping turtles
  8 blink frogs
  A spectral elephant (Lair:6)
  17 slime creatures
  10 culicivoras
  10 wraiths
  22 jumping spiders
  4 centaur simulacra (Gauntlet)
  A shadow (D:9)
  4 wyverns
  2 dire elephant simulacra
  4 water elementals
  2 hogs (D:14)
  3 humans (Lair:5)
  75 yaks
  A steam dragon (D:7)
  11 vampire mosquitoes
  6 death yak simulacra (IceCv)
  6 basilisks
  59 redbacks
  A spectral cane toad (Lair:6)
  2 wargs (Orc:2)
  Menkaure (D:7)
  An acid dragon (D:14)
  A harpy simulacrum (IceCv)
  13 water moccasins
  20 orc warriors
  2 sky beasts (D:6)
  2 ice beasts
  A hornet zombie (D:7)
  2 black bears
  12 wolves
  25 ogres
  10 centaurs
  5 phantoms
  2 elephant skeletons (Lair:6)
  Blork the orc (D:5)
  11 bullfrogs
  5 kobold brigands
  A gnoll sergeant (D:12)
  7 cane toad simulacra
  4 scorpions
  2 water moccasin zombies
  A troll zombie (D:9)
  8 elephant simulacra
  15 killer bees
  3 howler monkeys
  2 centaur zombies
  12 jellies
  7 orc priests
  A hound (D:4)
  2 centaur skeletons (D:6)
  3 bullfrog skeletons
  5 hell rats
  2 iguanas
  23 orc wizards
  Natasha (thrice) (D:4)
  5 polar bear simulacra (IceCv)
  2 spriggan simulacra (IceCv)
  2 troll simulacra (IceCv)
  A wolf simulacrum (IceCv)
  5 ogre zombies (D:9)
  A howler monkey zombie (D:9)
  5 adders
  2 naga simulacra (IceCv)
  A white imp (D:5)
  An ufetubus (D:7)
  2 worms
  2 dart slugs
  50 orcs
  11 endoplasms
  8 giant cockroaches
  9 hobgoblins
  5 jackals
  2 quokkas
  3 ball pythons
  5 bats
  5 frilled lizards
  6 goblins
  A goblin skeleton (D:9)
  3 goblin zombies (D:9)
  2 hobgoblin zombies (D:9)
  15 kobolds
  3 orc skeletons (D:9)
  10 orc zombies (D:9)
  9 rats
1032 creatures vanquished.

Vanquished Creatures (collateral kills)
  A komodo dragon (Lair:6)
  2 yaks (Lair:6)
  3 orcs (D:9)
6 creatures vanquished.

Vanquished Creatures (others)
  An elephant (Lair:6)
  An orc wizard (D:3)
  19 fungi
  51 plants
  22 withered plants (Lair:6)
94 creatures vanquished.

Grand Total: 1132 creatures vanquished

Notes
Turn   | Place    | Note
-------+----------+-------------------------------------------
     0 | D:1      | Hasart the Demigod Fighter began the quest for the Orb.
     0 | D:1      | Reached XP level 1. HP: 18/18 MP: 3/3
    97 | D:1      | Reached skill level 2 in Long Blades
   128 | D:1      | Reached XP level 2. HP: 25/25 MP: 4/4
  1168 | D:2      | Found Gosigo's Assorted Antiques.
  1179 | D:2      | Reached XP level 3. HP: 24/30 MP: 5/5
  1795 | D:2      | Found Bus Nien Uca's Antique Armour Boutique.
  1842 | D:2      | Found Zaorgh's Book Shoppe.
  2461 | D:3      | Noticed Grinder
  2527 | D:2      | Reached skill level 1 in Dodging
  2795 | D:3      | Reached skill level 1 in Throwing
  2795 | D:3      | Reached XP level 4. HP: 36/38 MP: 6/6
  2919 | D:3      | Identified the +2 leather armour "Cogoukk" {Rampage Drain
                  | rPois}
  3175 | D:3      | Found Kedeh's Jewellery Emporium.
  3636 | D:4      | Identified the +0 leather armour of the Saviour {Int+3}
  3665 | D:4      | Noticed an ogre
  3700 | D:3      | Killed an ogre
  3701 | D:3      | Reached skill level 3 in Long Blades
  3701 | D:3      | Reached XP level 5. HP: 13/45 MP: 7/7
  3937 | D:4      | Noticed a centaur
  4089 | D:4      | Killed a centaur
  4197 | D:4      | Reached XP level 6. HP: 22/51 MP: 8/8
  4461 | D:4      | Noticed Menkaure
  4532 | D:4      | Noticed Natasha
  4539 | D:4      | Killed Natasha
  4568 | D:4      | Noticed Natasha
  4576 | D:4      | Killed Natasha
  4599 | D:4      | Noticed Natasha
  4611 | D:4      | Killed Natasha
  5116 | D:5      | Entered Level 5 of the Dungeon
  5133 | D:5      | Reached skill level 4 in Long Blades
  5166 | D:5      | Reached XP level 7. HP: 53/58 MP: 9/9
  5554 | D:5      | Noticed Blork the orc
  5568 | D:5      | Killed Blork the orc
  5682 | D:5      | Found a staircase to the Ecumenical Temple.
  5746 | D:5      | Reached skill level 5 in Long Blades
  5746 | D:5      | Reached XP level 8. HP: 67/67 MP: 10/10
  6277 | D:6      | Found Hegecey's Book Boutique.
  6474 | D:6      | Reached skill level 1 in Evocations
  6649 | D:7      | Killed Menkaure
  6989 | D:7      | Reached skill level 6 in Long Blades
  7500 | D:7      | Reached skill level 5 in Armour
  7707 | D:7      | Reached skill level 5 in Fighting
  7707 | D:7      | Reached XP level 9. HP: 35/74 MP: 11/11
  7990 | D:7      | Reached skill level 5 in Shields
  8097 | D:8      | Noticed Gastronok
  8231 | D:8      | Noticed Psyche
  8236 | D:8      | Killed Psyche
  8407 | D:8      | Noticed Pikel
  8415 | D:8      | Killed Pikel
  8416 | D:8      | Reached skill level 7 in Long Blades
  8422 | D:8      | Paralysed by a hornet for 3 turns
  8446 | D:8      | Killed Gastronok
  8447 | D:8      | Reached XP level 10. HP: 43/83 MP: 13/13
  9092 | D:9      | Reached skill level 5 in Throwing
  9287 | D:9      | Found Kifaat's Assorted Antiques.
  9430 | D:9      | Reached skill level 5 in Dodging
  9591 | D:9      | Noticed a death yak
  9591 | D:9      | Noticed a death yak
  9597 | D:9      | Noticed a death yak
  9600 | D:9      | Noticed a death yak
  9650 | D:8      | Killed a death yak
  9651 | D:8      | Reached skill level 8 in Long Blades
  9829 | D:9      | Noticed a death yak
  9830 | D:9      | Noticed a death yak
  9861 | D:8      | Killed a death yak
 10044 | D:9      | Noticed a death yak
 10063 | D:8      | Killed a death yak
 10150 | D:8      | Killed a death yak
 10200 | D:8      | Killed a death yak
 10486 | D:9      | Killed a death yak
 10487 | D:9      | Reached XP level 11. HP: 45/91 MP: 14/14
 10708 | D:9      | Noticed Joseph
 10739 | D:9      | Killed Joseph
 10972 | D:9      | Found a staircase to the Orcish Mines.
 11066 | D:9      | Found a staircase to the Lair.
 11248 | D:10     | Entered Level 10 of the Dungeon
 11297 | Orc:1    | Entered Level 1 of the Orcish Mines
 11455 | D:9      | Killed a death yak
 11594 | D:3      | Bought an amulet of regeneration for 390 gold pieces
 11777 | Lair:1   | Entered Level 1 of the Lair of Beasts
 11846 | Lair:1   | Reached skill level 9 in Long Blades
 11868 | Lair:1   | Found a gate leading to a gauntlet.
 11887 | Gauntlet | Entered a Gauntlet
 11887 | Gauntlet | Found a transporter.
 11887 | Gauntlet | Found a transporter.
 11888 | Gauntlet | Noticed a necromancer
 11890 | Gauntlet | Found a transporter.
 11892 | Gauntlet | Found a transporter.
 11892 | Gauntlet | Found a transporter.
 11897 | Gauntlet | Noticed a glowing orange brain
 11898 | Gauntlet | a glowing orange brain changed into an elephant
 11907 | Gauntlet | Noticed a fire crab
 11907 | Gauntlet | a polar bear changed into a fire crab
 11935 | Gauntlet | Found a transporter.
 11938 | Gauntlet | Found a transporter.
 11938 | Gauntlet | Found a transporter.
 11939 | Gauntlet | Noticed a death drake
 11939 | Gauntlet | a water nymph changed into a death drake
 11941 | Gauntlet | Noticed an orb spider
 11941 | Gauntlet | a death drake changed into an orb spider
 11949 | Gauntlet | Noticed a green death
 11952 | Gauntlet | Found a transporter.
 11966 | Gauntlet | Noticed a hell hog
 11969 | Gauntlet | Found a transporter.
 11976 | Gauntlet | Noticed a death scarab
 11979 | Gauntlet | Found a transporter.
 11983 | Gauntlet | Noticed a death scarab
 12021 | Gauntlet | Found a transporter.
 12038 | Gauntlet | Noticed an orb spider
 12044 | Gauntlet | Found a transporter.
 12060 | Gauntlet | Found a transporter.
 12207 | Gauntlet | Noticed a glowing orange brain
 12225 | Gauntlet | a glowing orange brain changed into a faun
 12229 | Gauntlet | Noticed an orb spider
 12229 | Gauntlet | a faun changed into an orb spider
 12249 | Gauntlet | Noticed a two-headed ogre
 12249 | Gauntlet | a cyclops changed into a two-headed ogre
 12252 | Gauntlet | a two-headed ogre changed into a slime creature
 12296 | Gauntlet | an orb spider changed into a dream sheep
 12313 | Gauntlet | Identified the ring "Xiasim" {AC+4 Str+5}
 12313 | Gauntlet | Noticed a bunyip
 12314 | Gauntlet | Identified the +1 cloak of Limited Liability {Slay+2}
 12320 | Gauntlet | Noticed an orb spider
 12326 | Gauntlet | Noticed a deep troll
 12339 | Gauntlet | Killed a bunyip
 12341 | Gauntlet | Noticed a steelbarb worm
 12341 | Gauntlet | a deep troll changed into a steelbarb worm
 12342 | Gauntlet | Noticed an anaconda
 12342 | Gauntlet | a steelbarb worm changed into an anaconda
 12400 | Gauntlet | Noticed a great orb of eyes
 12400 | Gauntlet | a jorogumo changed into a great orb of eyes
 12403 | Gauntlet | Noticed an azure jelly
 12403 | Gauntlet | a great orb of eyes changed into an azure jelly
 12407 | Gauntlet | Noticed a dire elephant
 12407 | Gauntlet | an azure jelly changed into a dire elephant
 12409 | Gauntlet | Noticed an iron troll
 12409 | Gauntlet | a dire elephant changed into an iron troll
 12418 | Gauntlet | Noticed an azure jelly
 12418 | Gauntlet | an iron troll changed into an azure jelly
 12419 | Gauntlet | Noticed a fire giant
 12419 | Gauntlet | an azure jelly changed into a fire giant
 12420 | Gauntlet | Noticed a fenstrider witch
 12420 | Gauntlet | a fire giant changed into a fenstrider witch
 12425 | Gauntlet | Noticed a sphinx
 12425 | Gauntlet | a fenstrider witch changed into a sphinx
 12430 | Gauntlet | Noticed a frost giant
 12430 | Gauntlet | a sphinx changed into a frost giant
 12432 | Gauntlet | Noticed a fire giant
 12432 | Gauntlet | a frost giant changed into a fire giant
 12437 | Gauntlet | Noticed an azure jelly
 12437 | Gauntlet | a fire giant changed into an azure jelly
 12438 | Gauntlet | Noticed a fire giant
 12438 | Gauntlet | an azure jelly changed into a fire giant
 12446 | Gauntlet | Noticed an azure jelly
 12446 | Gauntlet | a fire giant changed into an azure jelly
 12451 | Gauntlet | Noticed a dire elephant
 12451 | Gauntlet | an azure jelly changed into a dire elephant
 12452 | Gauntlet | Noticed a catoblepas
 12452 | Gauntlet | a dire elephant changed into a catoblepas
 12460 | Gauntlet | a catoblepas changed into something unseen
 12461 | Gauntlet | Noticed a broodmother
 12466 | Gauntlet | Noticed a spark wasp
 12466 | Gauntlet | a broodmother changed into a spark wasp
 12469 | Gauntlet | Noticed a goliath frog
 12469 | Gauntlet | a spark wasp changed into a goliath frog
 12478 | Gauntlet | Noticed a spark wasp
 12478 | Gauntlet | a goliath frog changed into a spark wasp
 12480 | Gauntlet | Noticed an ettin
 12480 | Gauntlet | a spark wasp changed into an ettin
 12481 | Gauntlet | Noticed an alligator
 12481 | Gauntlet | an ettin changed into an alligator
 12486 | Gauntlet | Noticed a goliath frog
 12486 | Gauntlet | an alligator changed into a goliath frog
 12495 | Gauntlet | a goliath frog changed into a tyrant leech
 12497 | Gauntlet | Noticed an alligator
 12497 | Gauntlet | a tyrant leech changed into an alligator
 12500 | Gauntlet | Noticed an entropy weaver
 12500 | Gauntlet | an alligator changed into an entropy weaver
 12503 | Gauntlet | Noticed a broodmother
 12503 | Gauntlet | an entropy weaver changed into a broodmother
 12505 | Gauntlet | Noticed a bunyip
 12505 | Gauntlet | a broodmother changed into a bunyip
 12507 | Gauntlet | Noticed a satyr
 12507 | Gauntlet | a bunyip changed into a satyr
 12511 | Gauntlet | Noticed a bunyip
 12511 | Gauntlet | a satyr changed into a bunyip
 12516 | Gauntlet | Noticed a fire dragon
 12516 | Gauntlet | a bunyip changed into a fire dragon
 12518 | Gauntlet | Noticed a broodmother
 12518 | Gauntlet | a fire dragon changed into a broodmother
 12520 | Gauntlet | Noticed an alligator
 12520 | Gauntlet | a broodmother changed into an alligator
 12527 | Gauntlet | Noticed a goliath frog
 12527 | Gauntlet | an alligator changed into a goliath frog
 12529 | Gauntlet | Noticed an anaconda
 12529 | Gauntlet | a goliath frog changed into an anaconda
 12538 | Gauntlet | Noticed an alligator
 12538 | Gauntlet | an anaconda changed into an alligator
 12559 | Gauntlet | Noticed a minotaur
 12567 | Gauntlet | Killed a minotaur
 12568 | Gauntlet | Reached skill level 5 in Evocations
 13552 | Lair:2   | Found a transporter.
 13578 | Lair:2   | Noticed Erica
 13627 | Lair:2   | Killed Erica
 13645 | Lair:2   | Found a transporter.
 13779 | Lair:2   | Reached XP level 12. HP: 96/100 MP: 15/15
 13969 | Lair:2   | Reached skill level 10 in Long Blades
 14052 | Lair:2   | Noticed a four-headed hydra
 14087 | Lair:2   | Killed a one-headed hydra
 14547 | Lair:3   | Reached skill level 1 in Spellcasting
 15276 | Lair:4   | Noticed an eight-headed hydra
 15288 | Lair:4   | Killed a one-headed hydra
 15458 | Lair:4   | Found a staircase to the Shoals.
 15524 | Lair:4   | Found a hole to the Spider Nest.
 15843 | Lair:4   | Learned a level 2 spell: Blink
 16111 | Lair:5   | Found a dark tunnel.
 16133 | Volcano  | Entered a volcano
 16610 | Volcano  | Reached skill level 1 in Translocations
 16610 | Volcano  | Reached XP level 13. HP: 107/107 MP: 20/20
 16697 | Volcano  | Reached skill level 11 in Long Blades
 16916 | Volcano  | Noticed an orb of fire
 17031 | Volcano  | Noticed an orb of fire
 17573 | Lair:5   | Found a staircase to the Slime Pits.
 18287 | Lair:6   | Entered Level 6 of the Lair of Beasts
 19610 | Lair:6   | Reached XP level 14. HP: 116/116 MP: 23/23
 19701 | Lair:6   | Reached skill level 12 in Long Blades
 20653 | Lair:6   | Got the Grimoire of Ignition
 20953 | Lair:6   | Identified the +8 flail "Ehihokem" {venom, rPois Str+4
                  | Dex-5}
 21144 | Orc:1    | Found a runed translucent gate.
 21186 | Orc:1    | Noticed blexxed's ghost (journeyman DsFi)
 21191 | Orc:1    | Found a runed translucent gate.
 21191 | Orc:1    | Found a runed translucent gate.
 21652 | Orc:2    | Entered Level 2 of the Orcish Mines
 21725 | Orc:2    | Found a staircase to the Elven Halls.
 22028 | Orc:2    | Found Ekhaxaes's Book Shop.
 22119 | Orc:2    | Paralysed by an ogre mage for 4 turns
 22156 | Orc:2    | Found Maipuep's Magic Scroll Emporium.
 22212 | Orc:2    | Found Ucsug's Antique Armour Shop.
 22215 | Orc:2    | Found Zyneah's General Store.
 22466 | Orc:2    | Bought a heavily runed chain mail for 285 gold pieces
 22466 | Orc:2    | Identified the +0 chain mail "Xociser" {rElec Int+3} (You
                  | bought it in a shop on level 2 of the Orcish Mines)
 22587 | Orc:2    | Reached skill level 5 in Spellcasting
 22994 | D:3      | Bought the ring "Jenof" {rF+ Int-3 Slay+4} for 552 gold
                  | pieces
 23551 | D:2      | Bought a shiny plate armour for 546 gold pieces
 24976 | D:12     | Noticed Snorg
 24988 | D:12     | Killed Snorg
 24989 | D:12     | Reached skill level 5 in Translocations
 25051 | D:12     | Found a frozen archway.
 25068 | D:12     | Reached XP level 15. HP: 126/126 MP: 27/27
 25070 | IceCv    | Entered an ice cave
 25408 | IceCv    | Reached skill level 13 in Long Blades
 25533 | IceCv    | Identified the +7 battleaxe of Zudyedue {pain, *Noise rPois
                  | rF++ SInv}
 26332 | IceCv    | Got Sif Muna's Almanac of Snow and Darkness
 26513 | IceCv    | Learned a level 8 spell: Necromutation
 26988 | D:12     | Found Naivewk's General Store.
 26991 | D:12     | Bought a scroll of blinking for 105 gold pieces
 27389 | D:12     | Reached skill level 1 in Transmutations
 27501 | D:13     | Found a large runed translucent door.
 27505 | D:13     | Found a large runed translucent door.
 27528 | D:13     | Reached skill level 1 in Necromancy
 27625 | D:13     | Found a gate to the Vaults.
 27657 | D:13     | Reached skill level 10 in Fighting
 28138 | D:14     | Reached skill level 10 in Armour
 28282 | D:14     | Reached skill level 10 in Shields
 28377 | D:14     | Noticed Kirke
 28386 | D:14     | Killed Kirke
 28606 | D:14     | Noticed Jorgrun
 28613 | D:14     | Killed Jorgrun
 28843 | D:15     | Entered Level 15 of the Dungeon
 28878 | D:15     | Found a transporter.
 28881 | D:15     | Found a transporter.
 29062 | D:15     | Found a staircase to the Depths.
 29106 | D:15     | Found a transporter.
 29111 | D:15     | Found a transporter.
 29263 | D:15     | Found a transporter.
 29263 | D:15     | Found a transporter.
 29867 | Spider:1 | Entered Level 1 of the Spider Nest
 29965 | Spider:1 | Reached XP level 16. HP: 134/134 MP: 29/29
 30490 | Spider:1 | Noticed Josephine
 30509 | Spider:1 | Killed Josephine
 30688 | Spider:1 | Noticed Louise
 30701 | Spider:1 | Killed Louise
 31708 | Spider:1 | Learned a level 5 spell: Manifold Assault
 31750 | Shoals:1 | Entered Level 1 of the Shoals
 32041 | Shoals:1 | Reached skill level 14 in Long Blades
 32766 | Shoals:2 | Reached skill level 10 in Throwing
 32839 | Shoals:2 | Learned a level 3 spell: Lesser Beckoning
 33262 | Shoals:3 | Found Fon Kuim's Book Boutique.
 33262 | Shoals:3 | Found Domada's General Store.
 33357 | Shoals:2 | Found Saleys's Self-Improvement Boutique.
 33370 | Shoals:2 | Identified the amulet of Tiskig {Faith rElec rN+ Int+2
                  | Dex+2}
 34443 | Shoals:4 | Entered Level 4 of the Shoals
 36388 | Spider:1 | Reached skill level 10 in Dodging
 37213 | Spider:2 | Learned a level 3 spell: Swiftness
 37492 | Spider:4 | Entered Level 4 of the Spider Nest
 37872 | Spider:3 | Reached XP level 17. HP: 132/143 MP: 32/32
 38236 | D:6      | Bought a book of the Moon for 440 gold pieces
 38241 | D:6      | Learned a level 4 spell: Passage of Golubria
 38469 | Spider:2 | Reached skill level 1 in Air Magic
 40712 | Spider:4 | Reached skill level 5 in Transmutations
 41644 | Spider:4 | Reached skill level 5 in Necromancy
 41743 | Spider:4 | Slain by a moth of wrath

Illustrated notes

Levels and vault maps discovered:
D:1:      saegor_arrival_simple_e, layout_basic, ebering_ecumenical_altar_mist,
          minmay_tromino_i4
D:2:      layout_basic, serial_shops, shop_statue, nicolae_shop_statue_plus,
          nicolae_square_shop
D:3:      layout_loops_ring, serial_shops, shop, uniq_grinder
D:4:      layout_cave_pools, corner_web_ring, uniq_menkaure, uniq_natasha
D:5:      layout_layer_cave, temple_fountains, uniq_blork_the_orc
D:6:      layout_basic, old_standard_altar, serial_shops,
          nicolae_shop_behind_doors
D:7:      layout_gridville, minivault_24
D:8:      layout_rooms, uniq_pikel, uniq_gastronok, uniq_psyche
D:9:      layout_irregular_city, dpeg_lair_monsters, zombieorc1_lemuel,
          serial_shops, shop, lightli_orcish_oven, uniq_joseph
D:10:     layout_basic, minivault_11
D:11:     layout_basic
D:12:     layout_loops_cross, portal_ice_cave_entry_pillars_1, serial_shops,
          kennysheep_mini_moat, kennysheep_dice, uniq_snorg
D:13:     doesnt_quadruple_sword, layout_cave_pools, erik_vaults_2
D:14:     layout_stronghold, serial_park_paths [serial_park_minivault_5x5_1],
          hangedman_ranch, uniq_kirke, uniq_jorgrun
D:15:     grunt_enter_depths_hoard, layout_gridville,
          nemelex_diamond_rough_becter, serial_nicolae_subway,
          nicolae_sub_station_stone, nicolae_sub_station_crystal,
          nicolae_sub_station_metal
Lair:1:   layout_cave_pods, gauntlet_entry_generic,
          chequers_serial_rivers_large_b, grunt_megastairs_5
Lair:2:   gammafunk_cloud_chamber, layout_regular_city,
          infiniplex_staircase_pool_2, uniq_erica
Lair:3:   layout_cave_pods, grunt_megastairs_1, lemuel_fruit_tree
Lair:4:   layout_roguey, shoals_dummy_entry, spider_nest_entry_funnel_web,
          lemuel_fruit_fields, grunt_megastairs_4, serial_bayou_shore_b,
          lemuel_fruit_fields
Lair:5:   slaughterhouse, layout_cave_pods, minmay_slime_entry_jelly_boxes,
          nicolae_volcano_entry_lava_flow, chequers_serial_rivers_micro_b,
          nicolae_quartered_pool_super, lemuel_fruit_fields
Lair:6:   due_jungle_book, layout_cave_pods, minmay_lindwurm_lava,
          serial_bayou_shore_b
Shoals:1: layout_shoals
Shoals:2: layout_shoals, nicolae_shop_self_help
Shoals:3: layout_shoals, serial_shops, nicolae_take_the_stairs,
          nicolae_lakefront_shop, nicolae_square_shop, shop, shop,
          nicolae_shoals_pincushion_passage
Shoals:4: shoals_end_hellmonk_storm_palace [storm_palace_center_ruins,
          storm_palace_corner_reverse_hut, storm_palace_corner_grid,
          storm_palace_corner_grid, storm_palace_corner_narrow], serial_shops,
          uniq_polyphemus
Spider:1: layout_cave_pods, uniq_louise, uniq_josephine
Spider:2: layout_spider_delve, guppyfry_spider_mini_2
Spider:3: layout_cave_pods
Spider:4: grunt_spider_rune_island
Orc:1:    layout_caves, gammafunk_ghost_split
Orc:2:    st_orc_open, layout_caves, basic_altar

Skill      XL: |  1  2  3  4  5  6  7  8  9 10 11 12 13 14 15 16 17 |
---------------+----------------------------------------------------+-----
Long Blades    | 2 3 4 5 6 7 8 9 10 11 12 13 14 | 14.9
Armour         | 3 4 5 6 7 8 9 10 | 10.0
Fighting       | 3 4 5 6 7 8 9 10 11 | 11.0
Dodging        | 1 2 3 4 5 6 7 8 9 10 | 10.0
Throwing       | 1 2 3 4 5 6 7 8 9 10 | 10.0
Shields        | 3 4 5 6 7 8 9 10 11 | 11.0
Evocations     | 1 3 4 5 6 7 8 |  8.7
Spellcasting   | 2 3 5 6 7 |  7.2
Translocations | 1 3 5 6 7 |  7.4
Transmutations | 2 4 5 |  5.1
Necromancy     | 2 4 5 |  5.0
Air Magic      | 2 |  2.1

Action                   |  1- 3 |  4- 6 |  7- 9 | 10-12 | 13-15 | 16-18 || total
-------------------------+-------+-------+-------+-------+-------+-------++-------
Melee: Long sword        |   180 |   156 |   163 |   526 |   210 |       ||  1235
       Scimitar          |       |       |       |    11 |  1010 |       ||  1021
       Double sword      |       |       |       |       |   229 |   752 ||   981
Throw: Dart              |     2 |     5 |    21 |     7 |       |    77 ||   112
       Boomerang         |     1 |    20 |    16 |    20 |    65 |    87 ||   209
 Cast: Blink             |       |       |       |       |       |     1 ||     1
Evoke: Wand              |       |       |     1 |     7 |     3 |    22 ||    33
       Condenser vane    |       |       |       |       |     1 |     3 ||     4
       Box of beasts     |       |       |       |       |       |     2 ||     2
  Use: Potion            |     1 |       |     2 |     6 |     3 |     2 ||    14
       Scroll            |       |     8 |     4 |     7 |    13 |     1 ||    33
 Stab: Distracted        |       |       |     2 |     7 |       |     2 ||    11
       Paralysed         |       |       |       |       |       |    16 ||    16
Armor: Scale mail        |   111 |     2 |       |       |     8 |   338 ||   459
       Chain mail        |       |    89 |    57 |       |   338 |       ||   484
       Skin              |       |       |    27 |    11 |       |       ||    38
       Plate armour      |       |       |    22 |   251 |   333 |       ||   606
Dodge: Dodged            |   102 |    59 |    57 |   178 |   512 |   358 ||  1266
Block: Buckler           |    43 |    41 |    36 |   119 |    42 |       ||   281
       Kite shield       |       |       |       |       |   551 |    24 ||   575
       Tower shield      |       |       |       |       |       |   786 ||   786
